 Dungeon Crawl Stone Soup version 0.28-a0-863-g8cecda6153 (webtiles) character file.

Game seed: 4519579603223414806

317 sanka the Chopper (level 6, -2/50 HPs)
             Began as a Palentonga Abyssal Knight on Nov 17, 2021.
             Was a Believer of Lugonu.
             Slain by an iguana (5 damage)
             ... on level 4 of the Dungeon.
             The game lasted 00:04:04 (3793 turns).

sanka the Chopper (Palentonga Abyssal Knight)       Turns: 3793, Time: 00:04:05

Health: -2/50      AC:  4    Str: 18    XL:     6   Next: 20%
Magic:  8/8        EV:  9    Int: 10    God:    Lugonu [**....]
Gold:   125        SH:  0    Dex: 11    Spells: 5/5 levels left

rFire   . . .      SeeInvis +   a - +1 hand axe
rCold   . . .      Faith    .   (no shield)
rNeg    + . .      Spirit   .   b - +0 leather armour
rPois   .          Reflect  .   (no helmet)
rElec   .          Harm     .   (no cloak)
rCorr   .          Rampage  .   (no gloves)
Will    .....                   (no barding)
Stlth   +.........              (no amulet)
HPRegen 0.16/turn               (no ring)
MPRegen 0.11/turn               e - ring of positive energy

@: no status effects
A: large, rugged brown scales 3, see invisible, deformed body, roll 1, armoured
tail
a: Rolling Charge, Renounce Religion, Depart the Abyss, Bend Space


You were on level 4 of the Dungeon.
You worshipped Lugonu.
Lugonu was pleased with you.
You visited 1 branch of the dungeon, and saw 4 of its levels.
You visited the Abyss 1 time.

You collected 125 gold pieces.


Innate Abilities, Weirdness & Mutations

You are completely covered in rugged brown scales. (AC +3, +7% HP)
You have supernaturally acute eyesight. (SInv)
Armour fits poorly on your strangely shaped body.
You can roll at nearby foes to attack.
You have a long armoured tail.


   Skills:
 - Level 3.0 Fighting
 - Level 6.0 Axes
 - Level 1.5 Armour
 - Level 0.7 Dodging
 + Level 3.6 Invocations


You had 5 spell levels left.
You didn't know any spells.
Your spell library contained the following spells:

 Spells                   Type           Power      Damage    Failure   Level
 Ensorcelled Hibernation  Hex/Ice        0%         N/A       56%         2
 Gell's Gravitas          Tloc           0%         N/A       80%         3
 Spider Form              Tmut/Pois      0%         N/A       80%         3
 Teleport Other           Tloc           0%         N/A       80%         3
 Dispersal                Tloc           0%         N/A       100%        6

Inventory:

Hand Weapons
 a - a +1 hand axe (weapon)
Missiles
 i - 6 silver javelins
Armour
 b - a +0 leather armour (worn)
Jewellery
 e - a ring of positive energy (right hand)
Scrolls
 d - 6 scrolls of identify {unknown}
 f - a scroll of enchant armour {unknown}
 h - 4 scrolls of teleportation {unknown}
 k - 2 scrolls of fog {unknown}
Potions
 c - a potion of heal wounds {unknown}
 g - 3 potions of curing {unknown}
 j - a potion of flight {unknown}
 l - a potion of lignification {unknown}

Dungeon Overview and Level Annotations

Branches:
Dungeon (4/15)
 Temple: D:4-7

Altars:
Elyvilon

Shops:
D:4 [

Annotations:
D:3 1 runed translucent door, Crazy Yiuf

..▒ _.≈. ▒.......... ..▒
..≈.≈▒.......... ..▒
≈≈..≈▒.........▒ ..▒
≈≈≈≈.▒......... ..▒.
...▒.........
...▒▒▒▒▒▒▒▒▒......▒
.▒▒....▒▒........▒ .
..▒..............▒▒▒....
..▒......▒▒.....HK......
.................l......
........................
.......▒.▒.▒............
.......▒▒▒.▒▒......▒....
.......▒▒▒.▒......▒▒....
..▒.............▒▒▒ ...
..▒▒.............. ..
........▒▒.....▒...


You could see an iguana and a kobold.


Message History

The iguana bites you!
You hit the iguana but do no damage.
The iguana is moderately wounded.
The iguana bites you but does no damage.
You hit the iguana.
The iguana is moderately wounded.
The iguana bites you!
You hit the iguana.
The iguana is heavily wounded.
The iguana bites you but does no damage.
You hit the iguana.
Your tail-slap misses the iguana.
The iguana is severely wounded.
You hit the kobold. The kobold completely misses you. The iguana bites you!
* * * LOW HITPOINT WARNING * * *
You hit the iguana but do no damage.
The iguana is severely wounded.
You hit the kobold but do no damage. The kobold closely misses you.
The iguana bites you!
* * * LOW HITPOINT WARNING * * *
You closely miss the iguana.
The iguana is severely wounded.
You closely miss the kobold.
The kobold hits you with a +0 short sword.
* * * LOW HITPOINT WARNING * * *
The iguana bites you.
You die...

Action                   |  1- 3 |  4- 6 || total
-------------------------+-------+-------++-------
Melee: Hand axe          |    75 |   138 ||   213
       Tailslap          |     5 |    20 ||    25
Invok: Depart the Abyss  |     1 |       ||     1
Armor: Leather armour    |    21 |    38 ||    59
Dodge: Dodged            |    28 |    65 ||    93

Levels and vault maps discovered:
D:1:      nagdon_arrival_double_spiral, layout_basic,
          chequers_ecumenical_altar_simple
D:2:      layout_rooms, uniq_terence
D:3:      layout_basic, uniq_crazy_yiuf_cottage
D:4:      layout_cave_pools, mainiacjoe_overflow_catwalk,
          mainiacjoe_overflow_paths, serial_shops, nicolae_shop_trees,
          uniq_duvessa, uniq_ijyb

Notes
Turn   | Place    | Note
-------+----------+-------------------------------------------
     0 | Abyss:1  | sanka the Palentonga Abyssal Knight began the quest for the
                  | Orb.
     0 | Abyss:1  | Reached XP level 1. HP: 19/19 MP: 2/2
    48 | Abyss:1  | Noticed a sixfirhy
    49 | D:1      | Escaped the Abyss
   170 | D:1      | Reached * piety under Lugonu
   235 | D:1      | Reached XP level 2. HP: 25/25 MP: 3/3
   310 | D:1      | Reached skill level 3 in Axes
   610 | D:1      | Found a faded altar of an unknown god.
   947 | D:2      | Noticed Terence
   954 | D:2      | Killed Terence
   955 | D:2      | Reached skill level 4 in Axes
   955 | D:2      | Reached XP level 3. HP: 17/31 MP: 4/4
  1190 | D:2      | HP: 2/31 [worm (10)]
  1192 | D:2      | Reached XP level 4. HP: 3/37 MP: 5/5
  2085 | D:2      | Reached skill level 5 in Axes
  2178 | D:2      | Reached XP level 5. HP: 41/43 MP: 6/6
  2192 | D:3      | Reached ** piety under Lugonu
  2562 | D:3      | Found a runed translucent door.
  2563 | D:3      | Noticed Crazy Yiuf
  3183 | D:3      | Reached skill level 6 in Axes
  3521 | D:4      | Reached skill level 3 in Invocations
  3521 | D:4      | Reached XP level 6. HP: 25/50 MP: 8/8
  3679 | D:4      | Found Biukhlic's Armour Shoppe.
  3778 | D:4      | Found a white marble altar of Elyvilon.
  3793 | D:4      | HP: 3/50 [kobold (3)]
  3793 | D:4      | Slain by an iguana

Vanquished Creatures
  A wyvern skeleton (D:4)
  A water moccasin zombie (D:3)
  An orc priest (D:3)
  Terence (D:2)
  2 orc wizards (D:2)
  3 adders (D:2)
  2 worms (D:2)
  A dart slug (D:1)
  12 orcs
  3 endoplasms
  3 goblins (D:2)
  6 hobgoblins
  4 quokkas
  6 ball pythons (D:1)
  5 bats
  5 frilled lizards
  6 kobolds
  2 rats
64 creatures vanquished.
